 Dungeon Crawl Stone Soup version 0.18-a0-1312-gf98331d (webtiles) character file.

572 HEYYEYAAE the Digger (level 7, -4/52 HPs)
             Began as a Human Earth Elementalist on Feb 15, 2016.
             Slain by Duvessa
             ... wielding a +0 short sword
              (15 damage)
             ... on level 5 of the Dungeon.
             The game lasted 00:09:34 (6044 turns).

HEYYEYAAE the Digger (Human Earth Elementalist)     Turns: 6044, Time: 00:09:34

Health: -4/52      AC:  7    Str:  8    XL:     7   Next: 61%
Magic:  0/12       EV: 13    Int: 18    God:
Gold:   166        SH:  0    Dex: 13    Spells: 2 memorised, 8 levels left

rFire  . . .     SeeInvis .     e - +0 dagger
rCold  . . .     Gourm    .     a - +0 robe
rNeg   . . .     Faith    .     (no shield)
rPois  .         Spirit   .     F - +0 helmet
rElec  .         Dismiss  .     (no cloak)
rCorr  .         Reflect  .     (no gloves)
SustAt .         Harm     .     m - +0 pair of boots
MR     +....                    (no amulet)
Stlth  ++........               x - ring of protection from magic
                                h - +3 ring of protection

@: somewhat resistant to hostile enchantments, unstealthy
A: no striking features
a: no special abilities


You were on level 5 of the Dungeon.
You were not hungry.

You visited 1 branch of the dungeon, and saw 5 of its levels.

You collected 166 gold pieces.

Inventory:

Hand Weapons
 e - a +0 dagger (weapon)
Armour
 a - a +0 robe (worn)
 m - a +0 pair of boots (worn)
 w - a +0 shield
 F - a +0 helmet (worn)
Jewellery
 h - a +3 ring of protection (left hand)
 s - an uncursed ring of protection from fire
 x - a ring of protection from magic (right hand)
 I - a +5 ring of dexterity {unknown}
Scrolls
 j - 3 scrolls of teleportation {unknown}
 l - a scroll of amnesia {unknown}
 n - a scroll of remove curse {unknown}
 p - 3 scrolls of enchant weapon {unknown}
 q - 4 scrolls of identify {unknown}
 t - a scroll of magic mapping {unknown}
 u - 2 scrolls of recharging {unknown}
 y - a scroll of random uselessness {unknown}
 E - a scroll of immolation {unknown}
Potions
 g - 2 potions of agility {unknown}
 k - 3 potions of heal wounds {unknown}
 o - 2 potions of cancellation {unknown}
 r - a potion of haste {unknown}
 v - a potion of degeneration {unknown}
 A - a potion of lignification {unknown}
 C - a potion of brilliance {unknown}
 D - a potion of curing {unknown}
 G - a potion of mutation {unknown}
Books
 c - a book of Geomancy

   Spells                             Type                      Level
   a - Sandblast                      Earth                        1
   b - Passwall                       Transmutation/Earth          2
   c - Stone Arrow                    Conjuration/Earth            3
   d - Petrify                        Transmutation/Earth          4
   e - Lee's Rapid Deconstruction     Earth                        5
 J - a book of Debilitation

   Spells                             Type                      Level
   a - Corona                         Hexes                        1
   b - Slow                           Hexes                        2
   c - Gell's Gravitas                Hexes/Translocation          3
   d - Inner Flame                    Hexes/Fire                   3
   e - Cause Fear                     Hexes                        4
   f - Leda's Liquefaction            Hexes/Earth                  4
Comestibles
 d - 3 bread rations
 f - 3 slices of pizza
 i - 4 beef jerkies
 z - 2 meat rations
 B - a royal jelly
 H - a chunk of flesh


   Skills:
 + Level 3.2 Fighting
 + Level 2.6 Armour
 + Level 3.3 Dodging
 - Level 2.0 Stealth
 + Level 1.8 Shields
 + Level 3.4 Spellcasting
   Level 1.0 Transmutations
 * Level 4.8 Earth Magic


You had 8 spell levels left.
You knew the following spells:

 Your Spells              Type           Power        Failure   Level  Hunger
a - Sandblast             Erth           ###...       1%          1    None
b - Stone Arrow           Conj/Erth      ##....       21%         3    ###....


Dungeon Overview and Level Annotations

Branches:
Dungeon (5/15)
 Temple: D:4-7

Altars:
Nemelex Xobeh
Okawaru
Xom

Annotations:
D:5 Duvessa


Message History

Duvessa hits you with a short sword.
Drink which item? (? for menu, Esc to quit)
Okay, then.
Casting: Sandblast
Confirm with . or Enter, or press ? or * to list all spells.
Aiming: Stone Arrow
Press: ? - help, Shift-Dir - straight line, f/p - Duvessa
Aim: Duvessa, wielding a short sword and wearing a moonstone ring (severely wounded, berserk, fast, unusually strong)
The stone arrow hits Duvessa.
Duvessa is almost dead.
Duvessa hits you but does no damage. Duvessa barely misses you.
Wield which item (- for none, * to show all)? (? for menu, Esc to quit)
e - a +0 dagger (weapon)
You barely miss Duvessa.
Duvessa is almost dead.
Duvessa hits you with a short sword!!
* * * LOW HITPOINT WARNING * * *
Duvessa hits you with a short sword!
You die...

#. #.#....#
#..#......#
..#......#
#.#......#
#.#......####
#...........#
##..#######.#
#..#######.#
#.>e@......#
############


You could see Duvessa (berserk).

Vanquished Creatures
  Dowan (D:5)
  A hound (D:4)
  An orc priest (D:4)
  2 iguanas
  2 orc wizards (D:5)
  2 worker ants
  Robin (D:4)
  7 gnolls
  A worker ant zombie (D:5)
  9 adders
  A shadow imp (D:4)
  3 oozes
  A worm (D:2)
  2 giant geckos
  8 orcs
  A ball python (D:4)
  11 bats
  6 giant cockroaches
  22 goblins
  8 hobgoblins
  4 jackals (D:2)
  9 kobolds
  A quokka (D:2)
  5 giant newts
  A quokka skeleton (D:4)
  16 rats
126 creatures vanquished.

Notes
Turn   | Place    | Note
--------------------------------------------------------------
     0 | D:1      | HEYYEYAAE the Human Earth Elementalist began the quest for the Orb.
     0 | D:1      | Reached XP level 1. HP: 13/13 MP: 3/3
   128 | D:1      | Reached XP level 2. HP: 18/20 MP: 0/5
   222 | D:1      | Reached skill level 1 in Fighting
   443 | D:1      | HP: 1/21 [hobgoblin/club (4)]
   444 | D:1      | Reached XP level 3. HP: 1/26 MP: 3/6
  1135 | D:1      | Found a sparkling altar of Nemelex Xobeh.
  1194 | D:2      | Reached skill level 1 in Armour
  1428 | D:2      | Reached XP level 4. HP: 11/32 MP: 2/7
  2274 | D:2      | Reached XP level 5. HP: 31/38 MP: 3/9
  2577 | D:2      | Found a sparkling altar of Nemelex Xobeh.
  2745 | D:3      | Found an iron altar of Okawaru.
  3823 | D:3      | Found a shimmering altar of Xom.
  4005 | D:3      | Reached XP level 6. HP: 38/44 MP: 2/10
  4322 | D:3      | Learned a level 3 spell: Stone Arrow
  4414 | D:4      | Reached skill level 4 in Earth Magic
  4415 | D:4      | Reached skill level 1 in Shields
  5089 | D:4      | Reached XP level 7. HP: 27/51 MP: 6/11
  5330 | D:4      | Noticed Robin
  5337 | D:5      | Entered Level 5 of the Dungeon
  5337 | D:5      | Noticed Dowan
  5340 | D:5      | Noticed Duvessa
  5602 | D:4      | Killed Robin
  5869 | D:5      | Killed Dowan
  6044 | D:5      | Slain by Duvessa

Vault maps used:
D:1:      eino_arrival_tree_alley, nemelex_xobeh_ov_fountains_minmay
D:2:      minmay_misc_feat_chi, nemelex_spade_bored_becter
D:3:      marbit_many_paths, old_standard_altar
D:4:      wad_pebble_path, first_bread, uniq_robin
D:5:      uniq_duvessa

Action                   |  1- 3 |  4- 6 |  7- 9 || total
-------------------------+-------+-------+-------++-------
Melee: Unarmed           |    22 |       |       ||    22
       Dagger            |    40 |   200 |     1 ||   241
 Cast: Sandblast         |    36 |   131 |    61 ||   228
       Stone Arrow       |       |       |     1 ||     1
 Stab: Sleeping          |     2 |     5 |       ||     7
  Eat: Chunk             |     2 |    12 |     3 ||    17
